 Dungeon Crawl Stone Soup version 0.16.1-7-g2c6721e (console) character file.

308 Monkaria the Slasher (level 6, 0/52 (57) HPs)
             Began as a Minotaur Skald on Mar 29, 2015.
             Was an Initiate of Nemelex Xobeh.
             Succumbed to a worker ant's poison
             ... on level 4 of the Dungeon.
             The game lasted 00:03:48 (2591 turns).

Monkaria the Slasher (Minotaur Skald)               Turns: 2591, Time: 00:03:49

HP:   0/52 (57)     AC:  4    Str: 18      XL:     6   Next: 16%
MP:   5/5           EV: 11    Int:  9      God:    Nemelex Xobeh [......]
Gold: 107           SH:  0    Dex:  8 (10) Spells: 1 memorised, 6 levels left

rFire  . . .     SeeInvis .     a - +0 falchion
rCold  . . .     Clarity  .     b - +0 leather armour
rNeg   + . .     SustAb   .     (no shield)
rPois  .         Gourm    .     (helmet restricted)
rElec  .         Spirit   .     (no cloak)
rCorr  .         Warding  .     (no gloves)
rMut   .         Stasis   .     (no boots)
MR     .....                    (no amulet)
Stlth  +.........               (no ring)
                                g - ring of positive energy

@: lethally poisoned (0 -> -8), not resistant to hostile enchantments, very
unstealthy
A: retaliatory headbutt, horns 2, rugged brown scales 1
a: Renounce Religion


You were on level 4 of the Dungeon.
You worshipped Nemelex Xobeh.
Nemelex Xobeh was noncommittal.
You were hungry.

You visited 2 branches of the dungeon, and saw 4 of its levels.

You collected 211 gold pieces.
You spent 104 gold pieces at shops.

Inventory:

Hand weapons
 a - a +0 falchion (weapon)
Armour
 b - a +0 leather armour (worn)
Jewellery
 g - a ring of positive energy (left hand)
Magical devices
 n - a wand of slowing (23)
Scrolls
 f - a scroll of remove curse {unknown}
 h - 4 scrolls of fog {unknown}
 k - a scroll of enchant weapon {unknown}
 l - a scroll of immolation {unknown}
 o - a scroll of identify {unknown}
 p - a scroll of teleportation
Potions
 j - a potion of might
Books
 c - a book of Battle

   Spells                             Type                      Level
   a - Infusion                       Charms                       1
   b - Shroud of Golubria             Charms/Translocation         2
   c - Song of Slaying                Charms                       2
   d - Spectral Weapon                Hexes/Charms                 3
   e - Regeneration                   Charms/Necromancy            3
Comestibles
 d - 3 bread rations
 i - 2 meat rations
 r - 3 chunks of flesh


   Skills:
 + Level 5.0 Fighting
 - Level 6.4 Long Blades
 - Level 1.2 Armour
 - Level 1.1 Dodging
 - Level 1.3 Spellcasting
 - Level 2.0 Charms


You had 6 spell levels left.
You knew the following spells:

 Your Spells              Type           Power        Failure   Level  Hunger
a - Infusion              Chrm           #.....       21%         1    ##.....


Dungeon Overview and Level Annotations

Branches:
Dungeon (4/15)             Temple (1/1) D:4

Altars:
Ashenzari
Cheibriados
Nemelex Xobeh
Okawaru
Ru
Sif Muna
Vehumet
Yredelemnul
Zin

Shops:
D:4 *


Innate Abilities, Weirdness & Mutations

You reflexively headbutt those who attack you in melee.
You have a pair of horns on your head.
You are partially covered in rugged brown scales (AC +1, +3% HP).


Message History

Unknown command.
Unknown command.
Unknown command.
You hit the worker ant.
The worker ant is almost dead.
* * * LOW HITPOINT WARNING * * *
You feel sick. The worker ant closely misses you.
Unknown command.
Unknown command.
You hit the worker ant but do no damage.
The worker ant is almost dead.
* * * LOW HITPOINT WARNING * * *
You feel sick.
The worker ant bites you but does no damage.
Unknown command.
Unknown command.
You hit the worker ant.
The worker ant is almost dead.
You die...
Your body disappears without a glow.

# #.......># #.....#.#
#######.######.#######.#######
'....##.# #...............#
##...##.##############.#####.#
##...##.#..............### #.#
##..............######...# #.#
##.##...........# #.#.# #.#
#.##..........a## #.#.# #.#
#.##...........@# #.#.# #.#
#.##...#+######.# #.#.# #.#
#.####.# #.## #.#.# #.# ...
..# #..# #.#.# #.# . ###
##.##########.#
#...#...#...#.#
#.⌠...⌠.#.⌠.#.#
#...#...#...#.#
######.###.##.#


You could see a worker ant.

Vanquished Creatures
  A scorpion (D:4)
  2 hounds (D:4)
  3 orc wizards (D:4)
  Ijyb (D:2)
  3 worms
  3 giant geckos (D:4)
  4 orcs (D:4)
  6 giant cockroaches (D:1)
  3 hobgoblins
  10 jackals
  6 kobolds
  A quokka (D:4)
  5 bats
  7 giant newts
  7 goblins
  A quokka skeleton (D:4)
  7 rats
70 creatures vanquished.

Vanquished Creatures (others)
  An orc wizard (D:4)
1 creature vanquished.

Grand Total: 71 creatures vanquished

Notes
Turn   | Place    | Note
--------------------------------------------------------------
     0 | D:1      | Monkaria, the Minotaur Skald, began the quest for the Orb.
     0 | D:1      | Reached XP level 1. HP: 18/18 MP: 2/2
    62 | D:1      | Reached skill level 3 in Long Blades
    90 | D:1      | Reached XP level 2. HP: 18/25 MP: 2/2
   352 | D:1      | You fall through a shaft!
   389 | D:2      | Reached XP level 3. HP: 31/31 MP: 3/3
   404 | D:2      | Found a sacrificial altar of Ru.
   599 | D:2      | Noticed Ijyb
   611 | D:2      | Killed Ijyb
   611 | D:2      | Reached skill level 4 in Long Blades
  1077 | D:2      | You fall through a shaft for 2 floors!
  1090 | D:4      | Found Qarcho's General Store.
  1094 | D:4      | Reached XP level 4. HP: 27/40 MP: 4/4
  1097 | D:4      | Bought a scroll of teleportation for 39 gold pieces
  1097 | D:4      | Bought a potion of heal wounds for 65 gold pieces
  1188 | D:4      | Reached skill level 5 in Long Blades
  1530 | D:4      | Reached XP level 5. HP: 13/47 MP: 4/4
  1601 | D:4      | Reached skill level 6 in Long Blades
  1617 | D:4      | Reached XP level 6. HP: 5/55 MP: 5/5
  1952 | D:4      | Reached skill level 5 in Fighting
  2402 | D:4      | Found a staircase to the Ecumenical Temple.
  2417 | Temple   | Entered the Ecumenical Temple
  2536 | Temple   | Became a worshipper of Nemelex Xobeh the Trickster
  2587 | D:4      | Gained mutation: You are partially covered in rugged brown scales (AC +1, +3% HP). [potion of beneficial mutation]
  2589 | D:4      | HP: 2/52 [poisoned by a worker ant]
  2591 | D:4      | Succumbed to a worker ant's poison

Action                   |  1- 3 |  4- 6 || total
-------------------------+-------+-------++-------
Melee: Falchion          |   102 |   111 ||   213
Evoke: Wand              |       |     1 ||     1
  Use: Potion            |       |     4 ||     4
  Eat: Chunk             |     1 |     4 ||     5
